 Dungeon Crawl Stone Soup version 0.17.1-2-g5865329 (webtiles) character file.

389703 Niddhogr the Phalangite (level 24, -1/219 (221) HPs)
             Began as a Formicid Fighter on Feb 15, 2016.
             Was the Champion of Okawaru.
             Splashed by an acid blob's acid (4 damage)
             ... created by the royal jelly
             ... on level 5 of the Pits of Slime on Feb 16, 2016.
             The game lasted 04:48:37 (58889 turns).

Niddhogr the Phalangite (Formicid Fighter)         Turns: 58889, Time: 04:48:37

HP:   -1/219 (221)  AC: 42    Str: 34      XL:     24   Next: 16%
MP:   41/41         EV: 16    Int: 11 (12) God:    Okawaru [******]
Gold: 959           SH: 17    Dex: 16 (17) Spells: 7 memorised, 4 levels left

rFire  + + .     SeeInvis +     O - +6 demon trident (flame)
rCold  . . .     Clarity  .     a - +9 crystal plate armour "Ynaclif" {-Cast rF+ MR+ Regen+}
rNeg   + . .     SustAt   .     R - +0 shield {reflect}
rPois  .         Gourm    .     (helmet unavailable)
rElec  .         Spirit   .     A - +2 cloak {+Inv}
rCorr  +         Warding  .     v - +1 pair of gloves
rMut   .         Stasis   +     s - +1 pair of boots of Creativity {rN+ Str+3 Slay+2}
MR     ++++.     NoCast   +     o - amulet of resist corrosion
Stlth  ..........               S - ring of Bupp {MR+ MP+9 Int+4 Dex-5 Slay+5}
                                Q - ring "Inid" {rF+ Slay+4}

@: mighty, agile, heroism, corroded equipment, studying 2 skills, incredibly
resistant to hostile enchantments, extremely unstealthy
A: permanent stasis, dig shafts and tunnels, four strong arms, antennae 3, claws
1, talons 1, yellow scales 1, agile 1, blurry vision 1, deterioration 1, dopey
1, robust 1, screaming 1, subdued magic 1
a: Dig, Shaft Self, Heroism, Renounce Religion, Evoke Invisibility
}: 2/15 runes: barnacled, gossamer


You were on level 5 of the Pits of Slime.
You worshipped Okawaru.
Okawaru was exalted by your worship.
You were not hungry.

You visited 9 branches of the dungeon, and saw 47 of its levels.
You also visited: Wizlab.

You collected 5480 gold pieces.
You spent 4521 gold pieces at shops.

Inventory:

Hand Weapons
 z - a +5 demon trident of freezing
 O - a +6 demon trident of flaming (weapon)
Missiles
 u - 4 throwing nets (quivered)
Armour
 a - the +9 crystal plate armour "Ynaclif" (worn) {-Cast rF+ MR+ Regen+}
   (You acquired it on level 1 of the Elven Halls)

   It protects you from fire.
   It affects your resistance to hostile enchantments.
   It prevents spellcasting.
   It increases your rate of regeneration.
 s - the +1 pair of boots of Creativity (worn) {rN+ Str+3 Slay+2}
   (You found it on level 3 of the Elven Halls)

   It affects your strength (+3).
   It affects your accuracy and damage with ranged weapons and melee attacks
   (+2).
   It protects you from negative energy.
 v - a +1 pair of gloves (worn)
 A - a +2 cloak of invisibility (worn)
 M - a +0 crystal plate armour
 R - a +0 shield of reflection (worn)
Jewellery
 m - an uncursed amulet of guardian spirit
 o - an amulet of resist corrosion (around neck)
 P - an uncursed amulet of faith
 Q - the ring "Inid" (left hand) {rF+ Slay+4}
   (You bought it in a shop on level 1 of the Elven Halls)

   [ring of slaying]

   It affects your accuracy and damage with ranged weapons and melee attacks
   (+4).
   It protects you from fire.
 S - the ring of Bupp (right hand) {MR+ MP+9 Int+4 Dex-5 Slay+5}
   (You bought it in a shop on level 4 of the Orcish Mines)

   [ring of protection from magic]

   It affects your intelligence (+4).
   It affects your dexterity (-5).
   It affects your accuracy and damage with ranged weapons and melee attacks
   (+5).
   It affects your resistance to hostile enchantments.
   It affects your magic capacity (+9).
 Y - an uncursed ring of flight
 Z - the amulet of Heywont {Clar rPois Str+7}
   (You took it off a frost giant on level 2 of the Depths)

   [amulet of clarity]

   It provides mental clarity.
   It affects your strength (+7).
   It protects you from poison.
Wands
 b - a wand of teleportation (6)
 f - a wand of enslavement (4)
 h - a wand of digging (7)
 r - a wand of polymorph (7)
 G - a wand of lightning (10)
 K - a wand of teleportation (0)
 L - a wand of disintegration (16)
 T - a wand of fire (7)
 W - a wand of digging (10)
Scrolls
 c - 3 scrolls of summoning
 l - 8 scrolls of remove curse
 q - 2 scrolls of recharging
 t - 5 scrolls of enchant weapon
 w - 7 scrolls of fog
 x - 8 scrolls of enchant armour
 y - 7 scrolls of immolation
 C - 2 scrolls of magic mapping
 E - a scroll of brand weapon
 H - 3 scrolls of torment
 I - 3 scrolls of silence
 N - a scroll of fear
 U - 4 scrolls of vulnerability
Potions
 d - a potion of might
 g - 12 potions of curing
 i - 2 potions of cancellation
 j - 2 potions of agility
 n - 5 potions of magic
 B - 3 potions of flight
 J - 4 potions of brilliance
 V - 5 potions of resistance
Books
 p - a manual of Hexes
 F - a manual of Stealth
Comestibles
 e - 22 bread rations
 k - 13 meat rations


   Skills:
 + Level 19.3(24.3) Fighting
 * Level 24.9(27) Polearms
 + Level 18.8(23.8) Armour
 + Level 14.2(19.2) Shields
 - Level 3.1 Invocations
 - Level 12.0 Evocations


You had 4 spell levels left.
You knew the following spells:

 Your Spells              Type           Power        Failure   Level  Hunger
a - Corona                Hex            #......      98%         1    ##.....
b - Summon Butterflies    Summ           #.......     98%         1    ##.....
c - Swiftness             Chrm/Air       #.......     99%         2    ###....
d - Repel Missiles        Chrm/Air       #.....       99%         2    ###....
e - Silence               Hex/Air        #.........   100%        5    ######.
f - Petrify               Trmt/Erth      #.......     100%        4    #####..
g - Passage of Golubria   Tloc           N/A          100%        4    #####..


Dungeon Overview and Level Annotations

Branches:
Dungeon (15/15)            Temple (1/1) D:5            Lair (8/8) D:9
 Shoals (4/4) Lair:3       Spider (4/4) Lair:6        Slime (6/6) Lair:8
    Orc (4/4) D:11            Elf (3/3) Orc:4        Vaults (0/5) D:13
 Depths (2/5) D:15

Altars:
Ashenzari
Cheibriados
Dithmenos
Elyvilon
Gozag
Kikubaaqudgha
Makhleb
Okawaru
Qazlal
Ru
Sif Muna
Trog
Vehumet
Xom
Yredelemnul
Zin
The Shining One
Beogh
Jiyva

Shops:
D:4 (   D:6 *?   D:11 (   D:14 %   Orc:3 *   Orc:4 *:([=   Elf:1 *   Elf:2 =
Depths:1 **

Portals:
Hell: Depths:1 Depths:2
Ziggurat: Depths:2


Innate Abilities, Weirdness & Mutations

You are under a permanent stasis effect.
You can dig through walls and to a lower floor.
Your four strong arms can wield two-handed weapons with a shield.
You have a pair of large antennae on your head (SInv).
You have sharp fingernails.
You have sharp toenails.
You are partially covered in yellow scales (AC +2).
You are agile. (Dex +2)
Scrolls take you a little longer to read.
Your body sometimes deteriorates upon taking damage.
You are dopey. (Int -2)
You are robust (+10% HP).
You occasionally shout uncontrollably at your foes.
Your spells are a little easier to cast, but a little less powerful.


Message History

You block the azure jelly's attack. x2
The azure jelly completely misses you. The azure jelly hits you.
* * * LOW HITPOINT WARNING * * *
The azure jelly freezes you!!!
* * * LOW HITPOINT WARNING * * *
Your body deteriorates!
You feel dopey. You block the azure jelly's attack.
The azure jelly hits you but does no damage. x2
The acid blob spits acid at you. The splash of acid hits you!
The acid burns!
You resist.
* * * LOW HITPOINT WARNING * * *
Unknown command.
You skewer the azure jelly like a kebab!!!
You burn the azure jelly!
The azure jelly is severely wounded.
The acid blob spits acid at you. The splash of acid hits you! You resist.
* * * LOW HITPOINT WARNING * * *
The acid corrodes you!
The acid burns!
You resist.
You die...

####.#.## #
###.......## ##
##..........# .#
#...........# # ##
##....#......# ..#
#............## ..#
##......#...#.## ..#
##....#..JJ...# .##
##.....J@J..## ## ##
##.....JJJ...# ###
..###......<....##
..##.###............##
......###....#.#.....#
.......#......#.#...##
...##.###..........##
....# ##....#.#.##
...## ##.#######


You could see 5 acid blobs and 2 azure jellies.

Vanquished Creatures
  the royal jelly (Slime:6)
  Saint Roka (Depths:2)
  Arachne (Spider:2)
  Jorgrun (Shoals:3)
  A Cloud Mage (WizLab)
  Rupert (Lair:6)
  2 liches (Depths:1)
  Asterion (Depths:2)
  16 acid blobs
  2 deep elf blademasters
  The ghost of Zeloya the Spry, an adept KoTm of Ru (Shoals:2)
  The ghost of Kiel97 the Bludgeoner, an adept GrFi of Okawaru (Depths:1)
  2 krakens (Shoals:2)
  A sphinx (Depths:2)
  An octopode crusher (Depths:2)
  Agnes (Spider:4)
  Kirke (Lair:8)
  2 tengu reavers
  Ilsuiw (Shoals:4)
  17 azure jellies
  Donald (Orc:3)
  5 frost giants
  Maud (D:13)
  An orc warlord (Orc:4)
  A balrug (Depths:1)
  9 deep elf sorcerers (Elf:3)
  6 emperor scorpions
  4 fire giants
  A caustic shrike zombie (Depths:2)
  5 ghost moths
  A spriggan defender (Depths:2)
  10 very ugly things
  9 deep elf demonologists
  5 stone giants
  A dire elephant (D:15)
  Azrael (D:13)
  8 deep elf annihilators (Elf:3)
  4 ettins (Depths:2)
  2 deep elf death magi (Elf:3)
  3 merfolk javelineers
  5 fire dragons
  8 vault guards (D:13)
  2 jiangshi
  2 deep elf high priests
  13 merfolk impalers
  A yaktaur captain (Depths:1)
  Josephine (Lair:4)
  9 hydras
  Erolcha (Orc:3)
  4 rakshasas
  3 entropy weavers
  Harold (Lair:4)
  2 ice dragons
  8 great orbs of eyes
  3 catoblepae
  4 merfolk aquamancers
  Erica (D:9)
  8 centaur warriors
  2 merfolk avatars
  An alligator (Lair:3)
  14 dancing weapons (Elf:2)
  3 deep troll earth magi
  5 deep troll shamans
  A satyr (Shoals:2)
  The ghost of antares the Eclecticist, a journeyman DEWz of Elyvilon (D:10)
  2 tengu warriors
  2 vampire magi (Depths:1)
  6 death yaks
  4 orc high priests
  2 sun demons (Depths:1)
  4 iron golems (D:10)
  Nergalle (D:10)
  A fire crab (Lair:8)
  14 deep elf knights
  A small abomination (Elf:1)
  5 deep trolls
  A flayed ghost (Depths:2)
  An unseen horror (D:15)
  15 sea snakes
  5 harpies (Shoals:2)
  A necromancer (Depths:2)
  2 giant orange brains
  2 orc knights (Orc:4)
  8 deep elf summoners
  The ghost of schorsch312 the Spear-Bearer, a novice HOFi of Trog (D:9)
  31 wolf spiders
  2 hill giants
  4 lindwurms (D:11)
  16 deep elf conjurers
  A salamander (shapeshifter) (Depths:2)
  13 orb spiders
  2 fauns (Shoals:2)
  9 griffons
  13 manticores
  5 moths of wrath
  An orb spider (shapeshifter) (Depths:2)
  A stone giant zombie (Depths:2)
  5 shining eyes
  33 ugly things
  5 orc sorcerers
  A sphinx skeleton (Depths:2)
  3 hornets
  11 sirens
  7 water nymphs
  13 elephants
  6 oklob plants (Lair:1)
  An octopode (shapeshifter) (D:14)
  6 black mambas
  Maurice (D:13)
  2 cyclopes (Shoals:4)
  A black mamba (shapeshifter) (Depths:2)
  Joseph (D:10)
  10 spiny frogs
  A guardian serpent (shapeshifter) (Depths:2)
  2 eyes of devastation (Slime:6)
  5 yaktaurs (Depths:2)
  2 torpor snails
  9 demonic crawlers
  A spriggan zombie (Depths:2)
  2 fire drakes
  A golden dragon simulacrum (Depths:2)
  42 jumping spiders
  6 komodo dragons
  21 deep elf priests
  7 trolls
  A queen bee (Lair:6)
  A tengu conjurer (Depths:2)
  A freezing wraith (D:14)
  25 merfolk
  9 snapping turtles
  A harpy skeleton (D:15)
  A snapping turtle (shapeshifter) (Elf:2)
  17 blink frogs
  133 slime creatures
  A boulder beetle (Lair:8)
  8 wind drakes (WizLab)
  A shadow (D:10)
  10 water elementals
  A spriggan (shapeshifter) (D:14)
  Sigmund (D:2)
  38 air elementals (WizLab)
  24 tarantellas
  51 redbacks
  A wyvern (Lair:8)
  5 humans
  9 hippogriffs
  25 trapdoor spiders
  31 deep elf magi
  A steam dragon (D:10)
  33 deep elf fighters
  9 golden eyes
  5 wraiths
  2 basilisks
  7 vampire mosquitoes
  5 wargs
  55 yaks
  2 hungry ghosts (D:7)
  2 fire elementals
  5 wolves
  16 water moccasins
  5 insubstantial wisps (WizLab)
  3 hell hounds (D:13)
  17 porcupines
  3 mottled dragons
  31 spiders
  3 sky beasts
  7 eyes of draining
  2 phantoms
  35 orc warriors
  4 wasps
  9 centaurs
  9 ice beasts
  A big kobold (D:14)
  8 ogres
  17 crocodiles
  11 giant frogs
  38 killer bees
  9 wights
  6 scorpions
  3 electric eels
  A wasp zombie (D:6)
  6 crimson imps
  4 giant frog zombies
  20 orc priests
  4 centaur skeletons
  11 hounds
  2 giant frog skeletons (D:5)
  Ijyb (D:3)
  35 jellies
  24 orc wizards
  Jessica (D:3)
  11 worker ants
  Natasha (thrice) (D:4)
  16 iguanas
  52 sheep
  A worker ant zombie (D:7)
  A gnoll (D:7)
  14 adders
  2 shadow imps
  77 river rats
  2 oozes
  An adder skeleton (D:9)
  3 worms
  7 giant geckos
  202 orcs
  A ball python (D:6)
  5 bats
  6 giant cockroaches
  8 goblins
  11 hobgoblins
  8 jackals
  6 quokkas
  A giant gecko skeleton (D:6)
  5 giant newts
  18 kobolds
  26 rats
  A bush (Lair:1)
  A butterfly (Lair:6)
  2 crawling corpses (Elf:1)
  3 plants
  7 tentacles (Shoals:2)
  2 tentacle segments (Shoals:2)
1987 creatures vanquished.

Vanquished Creatures (others)
  A stone giant (Depths:1)
  A merfolk javelineer (Shoals:4)
  A deep elf high priest (Elf:3)
  A deep elf knight (Elf:2)
  A deep elf conjurer (Elf:1)
  A manticore (Lair:8)
  A faun (Shoals:1)
  A tengu conjurer (Shoals:4)
  A deep elf fighter (Elf:1)
  An orc warrior (Orc:4)
  4 centaurs
  A giant frog (D:13)
  2 orcs
  12 fungi
  12 plants
  16 tentacles (Shoals:2)
  693 tentacle segments (Shoals:2)
750 creatures vanquished.

Grand Total: 2737 creatures vanquished

Notes
Turn   | Place    | Note
--------------------------------------------------------------
     0 | D:1      | Niddhogr the Formicid Fighter began the quest for the Orb.
     0 | D:1      | Reached XP level 1. HP: 18/18 MP: 1/1
   290 | D:1      | Reached XP level 2. HP: 24/24 MP: 2/2
   627 | D:1      | Reached XP level 3. HP: 29/29 MP: 3/3
  1649 | D:2      | Reached XP level 4. HP: 31/35 MP: 4/4
  1672 | D:2      | Reached skill level 4 in Polearms
  1986 | D:2      | Noticed Sigmund
  2012 | D:2      | Killed Sigmund
  2012 | D:2      | Reached skill level 6 in Polearms
  2012 | D:2      | Reached XP level 5. HP: 22/41 MP: 5/5
  2012 | D:2      | Reached XP level 6. HP: 25/47 MP: 6/6
  2388 | D:2      | Found an ancient bone altar of Kikubaaqudgha.
  2400 | D:2      | Found a basalt altar of Yredelemnul.
  3022 | D:3      | Noticed Jessica
  3041 | D:3      | Killed Jessica
  3041 | D:3      | Reached XP level 7. HP: 40/52 MP: 7/7
  3181 | D:3      | Reached skill level 7 in Polearms
  3392 | D:3      | Found a stormy altar of Qazlal.
  3500 | D:3      | Found a sacrificial altar of Ru.
  3602 | D:3      | Noticed Ijyb
  3618 | D:3      | Killed Ijyb
  3920 | D:4      | Found Ipuopaq's Antique Weapon Emporium.
  4272 | D:4      | Noticed Natasha
  4300 | D:4      | Killed Natasha
  4341 | D:4      | Reached skill level 5 in Shields
  4372 | D:4      | Reached skill level 8 in Polearms
  4372 | D:4      | Reached XP level 8. HP: 32/58 MP: 8/8
  4417 | D:4      | HP: 2/58 [orc wizard/dagger (4)]
  4486 | D:4      | Noticed Natasha
  4496 | D:4      | Killed Natasha
  4674 | D:4      | Found a glowing golden altar of the Shining One.
  4820 | D:4      | Noticed Natasha
  4823 | D:4      | Killed Natasha
  4966 | D:5      | Entered Level 5 of the Dungeon
  5056 | D:5      | Found a bloodstained altar of Trog.
  5056 | D:5      | Found a shimmering altar of Xom.
  5062 | D:5      | Found a snail-covered altar of Cheibriados.
  5625 | D:5      | Found a staircase to the Ecumenical Temple.
  5704 | Temple   | Entered the Ecumenical Temple
  5773 | Temple   | Became a worshipper of Warmaster Okawaru
  5996 | D:6      | Found a glowing silver altar of Zin.
  6127 | D:6      | Found an opulent altar of Gozag.
  6174 | D:6      | Reached skill level 9 in Polearms
  6423 | D:6      | Found Gitur's General Store.
  6431 | D:6      | Bought a scroll of enchant armour for 75 gold pieces
  6719 | D:6      | Reached XP level 9. HP: 51/64 MP: 9/9
  6752 | D:6      | Found Xigifiyfe's Magic Scroll Boutique.
  6757 | D:6      | Bought a scroll of magic mapping for 38 gold pieces
  6757 | D:6      | Bought a scroll of identify for 22 gold pieces
  6757 | D:6      | Bought a scroll of identify for 22 gold pieces
  6824 | D:6      | Bought a scroll of teleportation for 33 gold pieces
  7426 | D:7      | Noticed a hill giant
  7702 | D:7      | Reached * piety under Okawaru
  7774 | D:7      | Reached skill level 10 in Polearms
  8024 | D:7      | Reached skill level 1 in Invocations
  8373 | D:8      | Reached ** piety under Okawaru
  8796 | D:8      | Gained mutation: Your system is resistant to poisons. [mutagenic meat]
  8797 | D:8      | Gained mutation: You are partially covered in molten scales (AC +1). [mutagenic meat]
  8798 | D:8      | Gained mutation: Your magical capacity is low (-10% MP). [mutagenic meat]
  8799 | D:8      | Gained mutation: You are resistant to hostile enchantments. [mutagenic meat]
  8812 | D:8      | Reached skill level 11 in Polearms
  8812 | D:8      | Reached XP level 10. HP: 51/70 MP: 11/11
  8869 | D:8      | Found a shattered altar of Ashenzari.
  8992 | D:8      | Noticed a troll
  9097 | D:7      | Killed a hill giant
  9470 | D:7      | Noticed a troll
 10172 | D:8      | Reached skill level 5 in Fighting
 10197 | D:8      | Reached *** piety under Okawaru
 10365 | D:8      | Killed a troll
 10426 | D:8      | Reached skill level 12 in Polearms
 10690 | D:7      | Killed a troll
 11692 | D:9      | Found a white marble altar of Elyvilon.
 11763 | D:9      | Noticed Erica
 12057 | D:9      | Reached XP level 11. HP: 65/81 MP: 12/12
 12147 | D:9      | Killed Erica
 12147 | D:9      | Reached **** piety under Okawaru
 12147 | D:9      | Reached skill level 10 in Shields
 12475 | D:9      | Found a staircase to the Lair.
 12511 | D:9      | Noticed schorsch312's ghost (novice HOFi)
 12529 | D:9      | Killed schorsch312's ghost
 12725 | D:10     | Entered Level 10 of the Dungeon
 12914 | D:10     | Reached skill level 13 in Polearms
 13355 | D:10     | Noticed Nergalle
 13382 | D:10     | Killed Nergalle
 14065 | D:10     | Noticed Joseph
 14068 | D:10     | Noticed an iron golem
 14069 | D:10     | Noticed an iron golem
 14211 | D:11     | Noticed a hill giant
 14222 | D:11     | Killed a hill giant
 14270 | D:11     | Noticed a cyan ugly thing
 14287 | D:11     | Killed a cyan ugly thing
 14287 | D:11     | Reached ***** piety under Okawaru
 14287 | D:11     | Reached skill level 5 in Armour
 15007 | D:11     | Found Dairroxo's Weapon Boutique.
 15168 | D:10     | Reached XP level 12. HP: 57/92 MP: 12/12
 15437 | D:10     | Received a gift from Okawaru
 15482 | D:11     | Found a staircase to the Orcish Mines.
 15496 | D:11     | Bought a +1 halberd of protection for 153 gold pieces
 15784 | D:11     | Noticed a lindwurm
 15786 | D:11     | Noticed a lindwurm
 15845 | D:11     | Noticed a lindwurm
 15846 | D:11     | Noticed a lindwurm
 15881 | D:10     | Noticed an iron golem
 15918 | D:12     | Learned a level 1 spell: Corona
 15945 | D:12     | Reached skill level 14 in Polearms
 16339 | Orc:1    | Entered Level 1 of the Orcish Mines
 16499 | Orc:2    | Found a roughly hewn altar of Beogh.
 16649 | Orc:1    | Found a roughly hewn altar of Beogh.
 17227 | Orc:3    | Noticed Erolcha
 17241 | Orc:3    | Killed Erolcha
 17609 | Orc:3    | Noticed Donald
 17640 | Orc:3    | Killed Donald
 17883 | Orc:3    | Received a gift from Okawaru
 18130 | Orc:3    | Found Tiumasyt's General Store.
 18138 | Orc:3    | Bought a scroll of identify for 36 gold pieces
 18138 | Orc:3    | Bought a scroll of identify for 36 gold pieces
 18138 | Orc:3    | Bought a scroll of identify for 36 gold pieces
 18589 | Orc:4    | Entered Level 4 of the Orcish Mines
 18615 | Orc:4    | Noticed an orc warlord
 18697 | Orc:4    | Noticed an orc high priest
 18704 | Orc:4    | Killed an orc high priest
 18712 | Orc:4    | Noticed an orc high priest
 18798 | Orc:4    | Killed an orc high priest
 18958 | Orc:4    | Reached skill level 15 in Polearms
 18968 | Orc:4    | Noticed an orc high priest
 19034 | Orc:4    | Killed an orc high priest
 19034 | Orc:4    | Reached XP level 13. HP: 99/101 MP: 13/13
 19140 | Orc:4    | Found Qoreeh's Antique Weapon Shoppe.
 19512 | Orc:4    | Found Otach's Book Emporium.
 19641 | Orc:4    | Found a staircase to the Elven Halls.
 19713 | Orc:4    | Found Xod Valibrit's General Store.
 19841 | Orc:4    | Found Meug's Antique Armour Shop.
 19850 | Orc:4    | Found Pomod's Jewellery Shop.
 20044 | Orc:4    | Bought a pair of embroidered boots for 171 gold pieces
 20100 | Orc:4    | Bought an uncursed amulet of guardian spirit for 450 gold pieces
 20100 | Orc:4    | Bought the ring of Bupp {MR+ MP+9 Int+4 Dex-5 Slay+5} for 763 gold pieces
 20288 | Orc:4    | Bought a scroll of magic mapping for 45 gold pieces
 20383 | Orc:4    | Killed an orc warlord
 20627 | Lair:1   | Entered Level 1 of the Lair of Beasts
 20778 | Lair:1   | Reached skill level 10 in Fighting
 21089 | Lair:1   | Reached skill level 16 in Polearms
 22045 | Lair:2   | Noticed an azure jelly
 22045 | Lair:2   | a seven-headed hydra changed into an azure jelly
 22048 | Lair:2   | You fall through a shaft!
 22364 | Lair:3   | Received a gift from Okawaru
 22702 | Lair:3   | Found a staircase to the Shoals.
 22765 | Lair:3   | Reached XP level 14. HP: 53/111 MP: 14/14
 23272 | Lair:2   | Gained mutation: You are partially covered in rough black scales (AC +4, Dex -1). [potion of mutation]
 24139 | Lair:4   | Reached skill level 10 in Armour
 24279 | Lair:4   | Received a gift from Okawaru
 24313 | Lair:4   | Got a dull robe {god gift}
 24324 | Lair:4   | Identified the +2 robe "Biniude" {*Contam MR+ Str+4 SInv} (Okawaru gifted it to you on level 4 of the Lair of Beasts)
 24539 | Lair:4   | Identified a scroll of acquirement
 24713 | Lair:4   | Noticed Harold
 24721 | Lair:4   | Killed Harold
 24756 | Lair:4   | Noticed Josephine
 24770 | Lair:4   | Killed Josephine
 24770 | Lair:4   | Reached skill level 17 in Polearms
 25829 | Lair:5   | Got a coiled granite ring
 25831 | Lair:5   | Identified the ring "Melatt" {rPois MP+9 Int+11 Dex-2} (You found it on level 5 of the Lair of Beasts)
 25896 | Lair:5   | Got a twisted scale mail
 25907 | Lair:5   | Identified the +0 scale mail of Dawn {-Tele Int+4} (You found it on level 5 of the Lair of Beasts)
 26640 | Lair:6   | Noticed Rupert
 26824 | Lair:6   | Found a hole to the Spider Nest.
 26869 | Lair:6   | Killed Rupert
 27693 | Lair:6   | Reached XP level 15. HP: 91/120 MP: 15/15
 27977 | Lair:7   | Found a shimmering altar of Xom.
 28021 | Lair:7   | Reached skill level 18 in Polearms
 28114 | Lair:7   | Received a gift from Okawaru
 28189 | Lair:7   | Reached ****** piety under Okawaru
 28771 | Lair:8   | Entered Level 8 of the Lair of Beasts
 28801 | Lair:8   | Noticed Kirke
 28857 | Lair:8   | Killed Kirke
 29097 | Lair:8   | Found a staircase to the Slime Pits.
 29098 | Lair:8   | Found a viscous altar of Jiyva.
 29873 | Lair:8   | Received a gift from Okawaru
 30413 | Lair:2   | Killed an azure jelly
 31053 | Lair:1   | Reached XP level 16. HP: 67/130 MP: 16/16
 31418 | D:10     | Killed an iron golem
 31423 | D:10     | Noticed antares's ghost (journeyman DEWz)
 31440 | D:10     | Noticed an iron golem
 31472 | D:10     | Killed an iron golem
 31476 | D:10     | Killed Joseph
 31487 | D:10     | Killed an iron golem
 31504 | D:10     | Killed an iron golem
 31504 | D:10     | Reached skill level 19 in Polearms
 31522 | D:10     | Killed antares's ghost
 31618 | D:11     | Killed a lindwurm
 31622 | D:11     | Killed a lindwurm
 31626 | D:11     | Killed a lindwurm
 31635 | D:11     | Killed a lindwurm
 31730 | D:13     | Noticed Maud
 31749 | D:13     | Killed Maud
 32093 | D:13     | Noticed Maurice
 32101 | D:13     | Killed Maurice
 32139 | D:13     | Learned a level 1 spell: Summon Butterflies
 32181 | D:13     | Noticed Azrael
 32197 | D:13     | Killed Azrael
 32204 | D:13     | Reached skill level 1 in Evocations
 32522 | D:13     | Found a gate to the Vaults.
 33411 | D:14     | Lost mutation: You are resistant to hostile enchantments. [mutagenic meat]
 33412 | D:14     | Gained mutation: You are partially covered in yellow scales (AC +2). [mutagenic meat]
 33413 | D:14     | Gained mutation: You are weak. (Str -2) [mutagenic meat]
 33415 | D:14     | Lost mutation: Your magical capacity is low (-10% MP). [mutagenic meat]
 33596 | D:14     | Received a gift from Okawaru
 33599 | D:14     | Got a steaming ring mail {god gift}
 33611 | D:14     | Identified the +3 ring mail of Goadetzy {Int+2} (Okawaru gifted it to you on level 14 of the Dungeon)
 33689 | D:14     | Found Duaguuto's Food Shop.
 34531 | Spider:1 | Entered Level 1 of the Spider Nest
 34559 | Lair:6   | Gained mutation: You can spit weak poison. [mutagenic meat]
 34560 | Lair:6   | Lost mutation: You are weak. (Str -2) [mutagenic meat]
 34562 | Lair:6   | Gained mutation: Your spells are a little harder to cast, but a little more powerful. [mutagenic meat]
 34563 | Lair:6   | Gained mutation: You have sharp toenails. [mutagenic meat]
 34564 | Lair:6   | Gained mutation: You are robust (+10% HP). [mutagenic meat]
 34903 | Spider:1 | Reached XP level 17. HP: 139/152 MP: 20/20
 34906 | Spider:1 | Got a smoking leather armour
 34917 | Spider:1 | Identified the +1 leather armour "Eczujau" {Str+3} (You found it on level 1 of the Spider Nest)
 35104 | Spider:1 | Reached skill level 5 in Evocations
 35459 | Spider:2 | Reached skill level 20 in Polearms
 35860 | Spider:2 | Noticed Arachne
 35887 | Spider:2 | Killed Arachne
 36518 | Spider:3 | Noticed Agnes
 36522 | Spider:3 | You fall through a shaft!
 36522 | Spider:4 | Entered Level 4 of the Spider Nest
 36572 | Spider:4 | Received a gift from Okawaru
 37306 | Spider:4 | Reached XP level 18. HP: 148/162 MP: 23/23
 37366 | Spider:4 | Received a gift from Okawaru
 37682 | Spider:4 | Reached skill level 15 in Fighting
 38043 | Spider:4 | Received a gift from Okawaru
 38159 | Spider:4 | Got a gossamer rune of Zot
 38340 | Spider:4 | Killed Agnes
 38821 | Spider:3 | You fall through a shaft!
 40159 | D:15     | Entered Level 15 of the Dungeon
 40523 | D:15     | Found a glowing silver altar of Zin.
 40551 | D:15     | Reached skill level 21 in Polearms
 40640 | D:15     | Found a staircase to the Depths.
 41205 | D:15     | Found a glowing silver altar of Zin.
 41410 | Elf:1    | Entered Level 1 of the Elven Halls
 41500 | Elf:1    | Reached skill level 15 in Armour
 42030 | Elf:1    | Found Siwav's Assorted Antiques.
 42040 | Elf:1    | Bought a scroll of acquirement for 1924 gold pieces
 42047 | Elf:1    | Got a tiger eye-encrusted crystal plate armour
 42058 | Elf:1    | Identified the +9 crystal plate armour "Ynaclif" {-Cast rF+ MR+ Regen+} (You acquired it on level 1 of the Elven Halls)
 42119 | Elf:1    | Lost mutation: You can spit weak poison. [potion of cure mutation]
 42119 | Elf:1    | Lost mutation: Your system is resistant to poisons. [potion of cure mutation]
 42119 | Elf:1    | Lost mutation: You are partially covered in molten scales (AC +1). [potion of cure mutation]
 42119 | Elf:1    | Lost mutation: Your spells are a little harder to cast, but a little more powerful. [potion of cure mutation]
 42119 | Elf:1    | Lost mutation: You are partially covered in rough black scales (AC +4, Dex -1). [potion of cure mutation]
 42209 | Elf:1    | Reached XP level 19. HP: 172/172 MP: 26/26
 42467 | Elf:2    | Found a deep blue altar of Sif Muna.
 42564 | Elf:2    | Found Nopeotee's Jewellery Emporium.
 42619 | Elf:2    | Received a gift from Okawaru
 43033 | Elf:2    | Found a runed gate.
 43033 | Elf:2    | Found a runed gate.
 43033 | Elf:2    | Found a runed gate.
 43248 | Elf:2    | Reached skill level 10 in Evocations
 43481 | Elf:3    | Entered Level 3 of the Elven Halls
 43606 | Elf:3    | Found a magical portal.
 43610 | WizLab   | Entered The Chambers of Boistovi the Cloud Mage
 44078 | WizLab   | Noticed Boistovi
 44108 | WizLab   | Killed Boistovi the Cloud Mage
 44193 | WizLab   | Identified Sif Muna's Reference Book on the Birds and Confrontation (You found it in a wizard's laboratory)
 44198 | WizLab   | Identified the Compendium of the Birds and Battle Magic
 44202 | WizLab   | Learned a level 2 spell: Swiftness
 44205 | WizLab   | Learned a level 2 spell: Repel Missiles
 44227 | WizLab   | Learned a level 5 spell: Silence
 44502 | Elf:3    | Received a gift from Okawaru
 44566 | Elf:3    | Gained mutation: You have sharp fingernails. [potion of mutation]
 44566 | Elf:3    | Gained mutation: Your body sometimes deteriorates upon taking damage. [potion of mutation]
 45005 | Elf:3    | Noticed a Brimstone Fiend
 45014 | Elf:3    | Reached XP level 20. HP: 160/182 MP: 28/28
 45306 | Elf:3    | Reached skill level 22 in Polearms
 45512 | Elf:3    | Noticed a Brimstone Fiend
 45679 | Elf:3    | Got a crude iron ring
 45681 | Elf:3    | Identified the ring of Ohuschan {Ice rElec rPois} (You took it off a deep elf demonologist on level 3 of the Elven Halls)
 45908 | Elf:3    | Received a gift from Okawaru
 45983 | Elf:3    | Got a smoking quicksilver dragon armour
 45995 | Elf:3    | Identified the quicksilver dragon armour "Ukhovehe" {MR+ Regen+ Stlth+} (You took it off a deep elf priest on level 3 of the Elven Halls)
 46355 | Elf:3    | Identified Binawiokh's Collected Works on the Destructive Snowflakes (You found it on level 3 of the Elven Halls)
 46369 | Elf:3    | Identified Nievieme's Volume of the Unstable Mountains
 46381 | Elf:3    | Learned a level 4 spell: Petrify
 46383 | Elf:3    | Got a pair of steaming boots
 46394 | Elf:3    | Identified the +1 pair of boots of Creativity {rN+ Str+3 Slay+2} (You found it on level 3 of the Elven Halls)
 46416 | Elf:3    | Learned a level 4 spell: Passage of Golubria
 46427 | Elf:3    | Identified Sif Muna's Catalogue of the Mutagenic Rocks
 46619 | Elf:1    | Bought a scintillating iron ring for 185 gold pieces
 46633 | Elf:1    | Identified the ring "Inid" {rF+ Slay+4} (You bought it in a shop on level 1 of the Elven Halls)
 46641 | Elf:1    | Bought a scroll of identify for 74 gold pieces
 46958 | D:6      | Bought a scroll of brand weapon for 220 gold pieces
 47199 | Depths:1 | Entered Level 1 of the Depths
 47482 | Depths:1 | Found a gateway to Hell.
 47491 | Depths:1 | Got a polished chain mail
 47502 | Depths:1 | Identified the +6 chain mail of the Trout {Dex+3} (You found it on level 1 of the Depths)
 47549 | Depths:1 | Found Kumen's General Store.
 47552 | Depths:1 | Bought a scroll of magic mapping for 73 gold pieces
 47627 | Depths:1 | Noticed Kiel97's ghost (adept GrFi)
 47672 | Depths:1 | Killed Kiel97's ghost
 48001 | Depths:1 | Found Efyguv's Assorted Antiques.
 48011 | Depths:1 | Bought a scroll of enchant weapon for 165 gold pieces
 48110 | Depths:1 | You fall through a shaft!
 48115 | Depths:2 | Gained mutation: You are agile. (Dex +2) [potion of beneficial mutation]
 48242 | Depths:2 | Reached XP level 21. HP: 149/191 MP: 29/29
 48262 | Depths:2 | Received a gift from Okawaru
 48430 | Depths:2 | Noticed Asterion
 48459 | Depths:2 | Killed Asterion
 48754 | Depths:2 | Noticed Saint Roka
 48763 | Depths:2 | Reached skill level 23 in Polearms
 48787 | Depths:2 | Killed Saint Roka
 48787 | Depths:2 | Received a gift from Okawaru
 49179 | Depths:2 | Got a scorched iron amulet
 49181 | Depths:2 | Identified the amulet of Heywont {Clar rPois Str+7} (You took it off a frost giant on level 2 of the Depths)
 49254 | Depths:2 | Found a gateway to a ziggurat.
 49856 | Depths:1 | Reached XP level 22. HP: 182/201 MP: 31/31
 50119 | Shoals:1 | Entered Level 1 of the Shoals
 50936 | Shoals:2 | Noticed Zeloya's ghost (adept KoTm)
 50961 | Shoals:2 | Killed Zeloya's ghost
 51155 | Shoals:2 | Received a gift from Okawaru
 51335 | Shoals:2 | Got a slimy scale mail
 51366 | Shoals:2 | Identified the +0 scale mail of Ziuligud {+Fly rC+ rCorr} (You found it on level 2 of the Shoals)
 51847 | Shoals:3 | Noticed Jorgrun
 51855 | Shoals:3 | Killed Jorgrun
 52287 | Shoals:4 | Entered Level 4 of the Shoals
 52374 | Shoals:4 | Noticed Ilsuiw
 52417 | Shoals:4 | Killed Ilsuiw
 53164 | Shoals:4 | Reached skill level 24 in Polearms
 53482 | Shoals:4 | Got a barnacled rune of Zot
 53504 | Shoals:4 | Received a gift from Okawaru
 53833 | Shoals:4 | Got a steaming platinum ring
 53835 | Shoals:4 | Identified the ring "Puoced" {rElec MR+ Slay-2 SInv} (You found it on level 4 of the Shoals)
 54384 | Slime:1  | Entered Level 1 of the Pits of Slime
 54637 | Slime:1  | Reached XP level 23. HP: 211/211 MP: 32/32
 55415 | Slime:2  | Found a viscous altar of Jiyva.
 56183 | Slime:3  | Gained mutation: Your spells are a little easier to cast, but a little less powerful. [a shining eye]
 56767 | Slime:4  | Received a gift from Okawaru
 57151 | Slime:4  | Gained mutation: You are dopey. (Int -2) [a shining eye]
 57669 | Slime:6  | Entered Level 6 of the Pits of Slime
 57894 | Slime:6  | Gained mutation: Potions and wands are less effective at restoring your health. [a shining eye]
 57895 | Slime:6  | Gained mutation: You occasionally shout uncontrollably at your foes. [a shining eye]
 57900 | Slime:6  | Gained mutation: Scrolls take you a little longer to read. [a shining eye]
 57976 | Slime:5  | Lost mutation: Potions and wands are less effective at restoring your health. [a shining eye]
 58516 | Slime:6  | Reached XP level 24. HP: 159/221 MP: 32/32
 58661 | Slime:6  | Noticed the royal jelly
 58884 | Slime:6  | Killed the royal jelly
 58888 | Slime:5  | HP: 7/219 [acid[the royal jelly] (7)]
 58889 | Slime:5  | HP: 3/219 [acid blob/splash of acid[the royal jelly] (4)]
 58889 | Slime:5  | Splashed by an acid blob's acid

Action                   |  1- 3 |  4- 6 |  7- 9 | 10-12 | 13-15 | 16-18 | 19-21 | 22-24 || total
-------------------------+-------+-------+-------+-------+-------+-------+-------+-------++-------
Melee: Trident           |    97 |   172 |   159 |    10 |    17 |       |       |       ||   455
       Halberd           |       |       |   425 |   559 |   513 |       |       |       ||  1497
       Glaive            |       |       |       |   554 |   983 |  1652 |  1187 |       ||  4376
       Demon trident     |       |       |       |       |       |       |   346 |  1420 ||  1766
Throw: Throwing net      |       |       |     2 |     1 |     3 |       |     1 |       ||     7
Invok: Heroism           |       |       |       |    16 |    25 |    27 |    17 |    12 ||    97
 Abil: Shaft Self        |       |       |       |       |     1 |     2 |     1 |       ||     4
       Dig               |       |       |       |       |     4 |     6 |     7 |       ||    17
Evoke: Wand              |       |       |     3 |     1 |    27 |       |     2 |       ||    33
  Use: Scroll            |       |     4 |     6 |     7 |    12 |     8 |    10 |     2 ||    49
       Potion            |       |       |     3 |     4 |     8 |    16 |     3 |     4 ||    38
 Stab: Sleeping          |       |       |     3 |     3 |    13 |     7 |       |       ||    26
       Invisible         |       |       |       |       |     2 |       |       |     1 ||     3
       Distracted        |       |       |       |       |     4 |     1 |       |       ||     5
       Held in net/web   |       |       |       |       |     2 |       |       |       ||     2
       Petrified         |       |       |       |       |     1 |       |       |       ||     1
       Fleeing           |       |       |       |       |       |     1 |       |       ||     1
  Eat: Chunk             |     2 |     5 |    22 |    35 |    39 |    34 |    18 |    15 ||   170
       Fruit             |       |       |     3 |       |     1 |    21 |     6 |    13 ||    44
       Pizza             |       |       |     1 |     2 |     6 |     1 |     1 |       ||    11
       Beef jerky        |       |       |       |     3 |     1 |     3 |     1 |     2 ||    10
       Royal jelly       |       |       |       |       |       |       |     1 |       ||     1
       Bread ration      |       |       |       |       |       |       |       |     1 ||     1
